Atlantic City Gamblers vs Edmonton Oil Kings
Created - Friday, September 20, 2024 at 07:59
Goals
|
| Atlantic City Gamblers |
2 |
0 |
2 |
1 |
5 |
| Edmonton Oil Kings |
2 |
0 |
2 |
0 |
4 |
|
Shots
|
| Atlantic City Gamblers |
10 |
11 |
8 |
1 |
30 |
| Edmonton Oil Kings |
11 |
3 |
15 |
0 |
29 |
|
1st period
1. Edmonton Oil Kings , Kirill Marchenko 17 (Connor McMichael 18, Jack Quinn 19) at 14:31 (PP)
2. Edmonton Oil Kings , Kirill Marchenko 18 (Ethan Cardwell 5, Samuel Helenius 2) at 14:43
3. Atlantic City Gamblers , Jakub Lauko 4 (Ivan Miroshnichenko 11) at 15:54
4. Atlantic City Gamblers , Isac Lundestrom 15 (Nils Hoglander 21) at 19:35
Penalties :
Mackenzie Entwistle (EOK) for Slashing (Minor) at 8:28, Linus Karlsson (ACG) for Hooking (Minor) at 13:57, Troy Stecher (EOK) for Hooking (Minor) at 16:48
2nd period
No Goal
Penalties :
Nathan Bastian (ACG) for Slashing (Minor) at 14:42
3rd period
5. Edmonton Oil Kings , Jack Quinn 14 (Connor McMichael 19, Ryker Evans 15) at 5:30 (SH)
6. Atlantic City Gamblers , Nils Hoglander 19 (Isac Lundestrom 27) at 13:24 (PP)
7. Atlantic City Gamblers , Linus Karlsson 12 (Alexander Holtz 19, Dustin Wolf) at 16:36
8. Edmonton Oil Kings , Jack Quinn 15 (Troy Stecher 7, Kirill Marchenko 15) at 18:23 (PP)
Penalties :
Troy Stecher (EOK) for Cross-checking (Minor) at 1:47, Kale Clague (EOK) for Cross-checking (Minor) at 4:40, Yegor Sokolov (ACG) for Tripping (Minor) at 10:01, Troy Stecher (EOK) for Tripping (Minor) at 13:18, Jakub Lauko (ACG) for Tripping (Minor) at 18:10
Overtime #1
9. Atlantic City Gamblers , Nathan Bastian 11 (Nicolas Hague 3, Noah Juulsen 4) at 0:57
Penalties :
No Penalty
Goalie Stats
Dustin Wolf (ACG), 25 saves from 29 shots - (0.862), W, 11-7-1, 60:57 minutes
Jonathan Quick (EOK), 25 saves from 30 shots - (0.833), OTL, 16-5-4, 60:57 minutes
Players Stats for Atlantic City Gamblers
Player Name G A P +/- PIM S H SB GA TA FO MP PP MP PK MP
------------------------------------------------------------------------------------
Alexander Holtz 0 1 1 1 0 3 1 1 0 0 1/1 17:51 3:54 0:00
Ben King 0 0 0 1 0 0 4 0 1 2 0/1 15:33 0:00 0:54
Boris Katchouk 0 0 0 2 0 0 3 1 1 1 0/0 20:19 3:54 2:07
Callan Foote 0 0 0 0 0 0 1 0 0 0 0/0 11:53 0:00 0:00
Filip Johansson 0 0 0 0 0 0 0 0 0 0 0/0 6:27 0:00 0:00
Filip Roos 0 0 0 0 0 0 0 0 0 1 0/0 11:53 0:00 0:00
Isac Lundestrom 1 1 2 -1 0 4 0 1 1 0 16/20 24:36 4:05 2:15
Ivan Miroshnichenko 0 1 1 1 0 3 1 2 1 0 1/1 14:32 0:03 0:07
Jakub Lauko 1 0 1 1 2 3 0 0 1 0 3/8 14:39 0:10 0:23
Linus Karlsson 1 0 1 1 2 4 0 0 0 0 8/10 18:01 3:54 0:00
Michael Vukojevic 0 0 0 0 0 0 1 0 0 2 0/0 6:27 0:00 0:00
Nathan Bastian 1 0 1 -1 2 2 0 2 0 0 2/5 19:16 4:01 1:13
Nicolas Hague 0 1 1 2 0 1 0 2 1 1 0/0 22:02 4:02 2:40
Nils Hoglander 1 1 2 -1 0 5 3 1 1 0 3/7 24:15 4:05 2:31
Noah Juulsen 0 1 1 2 0 0 1 2 0 0 0/0 22:02 4:02 2:40
Ronnie Attard 0 0 0 0 0 2 3 0 0 0 0/0 20:35 4:00 2:05
Simon Edvinsson 0 0 0 0 0 3 1 2 0 0 0/0 20:35 4:00 2:05
Yegor Sokolov 0 0 0 1 2 0 2 0 0 0 0/0 8:03 0:00 0:00
Players Stats for Edmonton Oil Kings
Player Name G A P +/- PIM S H SB GA TA FO MP PP MP PK MP
------------------------------------------------------------------------------------
Brett Kulak 0 0 0 0 0 0 1 0 0 0 0/0 24:15 2:14 5:07
Connor McMichael 0 2 2 -1 0 2 1 1 2 0 4/14 20:23 2:13 3:52
Dillon Dube 0 0 0 -2 0 0 1 0 0 0 4/13 17:31 2:32 0:00
Ethan Cardwell 0 1 1 0 0 1 1 0 1 1 1/1 16:18 0:00 0:00
Filip Zadina 0 0 0 -2 0 3 0 0 0 0 0/0 17:46 2:32 0:15
Jack Quinn 2 1 3 1 0 6 1 0 0 1 1/1 20:12 2:13 3:55
Joey Anderson 0 0 0 -1 0 1 0 0 0 1 0/2 12:26 0:00 0:15
Josh Mahura 0 0 0 -2 0 0 1 0 0 0 0/0 13:30 0:00 0:00
Kale Clague 0 0 0 -2 2 0 1 1 0 0 0/0 14:28 0:00 0:58
Kirill Marchenko 2 1 3 2 0 10 1 0 0 0 1/8 24:06 2:13 3:55
Luke Hughes 0 0 0 0 0 2 1 0 1 1 0/0 24:26 2:31 4:01
Mackenzie Entwistle 0 0 0 -1 2 0 1 1 1 1 3/6 12:07 0:00 0:00
Noah Gregor 0 0 0 -3 0 2 3 0 1 1 0/1 22:09 2:32 3:52
Ryker Evans 0 1 1 0 0 1 1 0 0 1 0/0 23:01 2:14 4:01
Samuel Helenius 0 1 1 1 0 1 0 0 0 0 5/7 6:10 0:00 0:00
Troy Stecher 0 1 1 0 6 0 2 0 1 0 0/0 22:19 2:31 1:57
Tyler Angle 0 0 0 0 0 0 0 0 0 0 0/0 3:41 0:00 0:00
Xavier Bourgault 0 0 0 0 0 0 0 0 0 0 0/0 0:53 0:00 0:00
3 Stars
1 - Kirill Marchenko (EOK)
2 - Jack Quinn (EOK)
3 - Nils Hoglander (ACG)
Power Play
Atlantic City Gamblers - 1 on 5 Attempt(s) - 20.00%
Edmonton Oil Kings - 2 on 4 Attempt(s) - 50.00%
Penalty Kill
Atlantic City Gamblers - 2 on 4 Attempt(s) - 50.00%
- Score 0 goal in Penalty Kill
Edmonton Oil Kings - 4 on 5 Attempt(s) - 80.00%
- Score 1 goal in Penalty Kill
Team Stat
Atlantic City Gamblers - Hits : 21 - Faceoff Wins : 34 - Blocked Shots : 14 - Penalty Minutes : 8
Edmonton Oil Kings - Hits : 16 - Faceoff Wins : 19 - Blocked Shots : 3 - Penalty Minutes : 10
Official
Referees : Jon Mcisaac and Carter Sandlak
Linesman : Ben O'Quinn and Ryan Daisy
Game Notes
No Game Note
Atlantic City Gamblers
5 vs 5 Forward
Center Left Wing Right Wing Time % Phy DF OF
1 Isac Lundestrom Nils Hoglander Nathan Bastian 30 1 2 2
2 Linus Karlsson Boris Katchouk Alexander Holtz 30 1 2 2
3 Jakub Lauko Ivan Miroshnichenko Ben King 25 1 2 2
4 Nils Hoglander Yegor Sokolov Isac Lundestrom 15 1 2 2
5 vs 5 Defense
Defense Defense Time % Phy DF OF
1 Nicolas Hague Noah Juulsen 30 1 2 2
2 Simon Edvinsson Ronnie Attard 30 1 2 2
3 Callan Foote Filip Roos 25 1 2 2
4 Michael Vukojevic Filip Johansson 15 1 2 2
PowerPlay Forward
Center Left Wing Right Wing Time % Phy DF OF
1 Isac Lundestrom Nils Hoglander Nathan Bastian 50 1 2 2
2 Linus Karlsson Boris Katchouk Alexander Holtz 50 1 2 2
PowerPlay Defense
Defense Defense Time % Phy DF OF
1 Nicolas Hague Noah Juulsen 50 1 2 2
2 Simon Edvinsson Ronnie Attard 50 1 2 2
Penalty Kill 4 Players Forward
Center Wing Time % Phy DF OF
1 Nils Hoglander Isac Lundestrom 50 1 2 2
2 Nathan Bastian Boris Katchouk 50 1 2 2
Penalty Kill 4 Players Defense
Defense Defense Time % Phy DF OF
1 Nicolas Hague Noah Juulsen 50 1 2 2
2 Simon Edvinsson Ronnie Attard 50 1 2 2
Penalty Kill - 3 Players Forward
Forward Time % Phy DF OF
1 Nils Hoglander 50 1 2 2
2 Isac Lundestrom 50 1 2 2
Penalty Kill - 3 Players Defense
Defense Defense Time % Phy DF OF
1 Nicolas Hague Noah Juulsen 50 1 2 2
2 Simon Edvinsson Ronnie Attard 50 1 2 2
4 vs 4 Forward
Center Wing Time % Phy DF OF
1 Nils Hoglander Isac Lundestrom 50 1 2 2
2 Nathan Bastian Boris Katchouk 50 1 2 2
4 vs 4 Defense
Defense Defense Time % Phy DF OF
1 Nicolas Hague Noah Juulsen 50 1 2 2
2 Simon Edvinsson Ronnie Attard 50 1 2 2
Last Minutes Offensive
Center Left Wing Right Wing Defense Defense
Isac Lundestrom Nils Hoglander Nathan Bastian Nicolas Hague Noah Juulsen
Last Minutes Defensive
Center Left Wing Right Wing Defense Defense
Isac Lundestrom Nils Hoglander Nathan Bastian Nicolas Hague Noah Juulsen
Goaltenders
Starting : Dustin Wolf
Backup : Unknown Goalie
Extra Forwards
Normal : Jakub Lauko, Ivan Miroshnichenko, Ben King - PP : Jakub Lauko, Ivan Miroshnichenko - PK : Ben King
Extra Defensemen
Normal : Callan Foote, Filip Roos, Michael Vukojevic - PP : Callan Foote - PK : Filip Roos, Michael Vukojevic
Penalty Shots
Nils Hoglander, Isac Lundestrom, Nathan Bastian, Boris Katchouk, Alexander Holtz
Scratches
Daniil Chayka (Healthy), Caedan Bankier (Healthy), Artyom Grushnikov (Healthy), Jean-Luc Foudy (Healthy), Layton Ahac (Healthy)
Alex Beaucage (Healthy), Nico Daws (Healthy), Isaiah Saville (Healthy)
Edmonton Oil Kings
5 vs 5 Forward
Center Left Wing Right Wing Time % Phy DF OF
1 Connor McMichael Jack Quinn Kirill Marchenko 30 1 2 2
2 Dillon Dube Filip Zadina Noah Gregor 30 1 2 2
3 Mackenzie Entwistle Ethan Cardwell Joey Anderson 25 1 2 2
4 Samuel Helenius Kirill Marchenko Ethan Cardwell 15 1 2 2
5 vs 5 Defense
Defense Defense Time % Phy DF OF
1 Troy Stecher Luke Hughes 35 1 2 2
2 Brett Kulak Ryker Evans 35 1 2 2
3 Josh Mahura Kale Clague 30 1 2 2
4 Troy Stecher Luke Hughes 0 1 2 2
PowerPlay Forward
Center Left Wing Right Wing Time % Phy DF OF
1 Connor McMichael Jack Quinn Kirill Marchenko 50 1 2 2
2 Dillon Dube Filip Zadina Noah Gregor 50 1 2 2
PowerPlay Defense
Defense Defense Time % Phy DF OF
1 Troy Stecher Luke Hughes 50 1 2 2
2 Brett Kulak Ryker Evans 50 1 2 2
Penalty Kill 4 Players Forward
Center Wing Time % Phy DF OF
1 Kirill Marchenko Jack Quinn 50 1 2 2
2 Connor McMichael Noah Gregor 50 1 2 2
Penalty Kill 4 Players Defense
Defense Defense Time % Phy DF OF
1 Troy Stecher Luke Hughes 50 1 2 2
2 Brett Kulak Ryker Evans 50 1 2 2
Penalty Kill - 3 Players Forward
Forward Time % Phy DF OF
1 Kirill Marchenko 50 1 2 2
2 Jack Quinn 50 1 2 2
Penalty Kill - 3 Players Defense
Defense Defense Time % Phy DF OF
1 Troy Stecher Luke Hughes 50 1 2 2
2 Brett Kulak Ryker Evans 50 1 2 2
4 vs 4 Forward
Center Wing Time % Phy DF OF
1 Kirill Marchenko Jack Quinn 50 1 2 2
2 Connor McMichael Noah Gregor 50 1 2 2
4 vs 4 Defense
Defense Defense Time % Phy DF OF
1 Troy Stecher Luke Hughes 50 1 2 2
2 Brett Kulak Ryker Evans 50 1 2 2
Last Minutes Offensive
Center Left Wing Right Wing Defense Defense
Connor McMichael Jack Quinn Kirill Marchenko Troy Stecher Luke Hughes
Last Minutes Defensive
Center Left Wing Right Wing Defense Defense
Connor McMichael Jack Quinn Kirill Marchenko Troy Stecher Luke Hughes
Goaltenders
Starting : Jonathan Quick
Backup : Karel Vejmelka
Extra Forwards
Normal : Tyler Angle, Xavier Bourgault, Joey Anderson - PP : Tyler Angle, Xavier Bourgault - PK : Joey Anderson
Extra Defensemen
Normal : Josh Mahura, Kale Clague, Brett Kulak - PP : Josh Mahura - PK : Kale Clague, Brett Kulak
Penalty Shots
Kirill Marchenko, Jack Quinn, Connor McMichael, Noah Gregor, Filip Zadina
Scratches
Riley Kidney (Healthy), Pavel Novak (Healthy), Noel Gunler (Healthy), Kasimir Kaskisuo (Healthy)
% Time on Ice - Atlantic City Gamblers
Lines # - Real PCT - Wanted PCT - Time Play
Normal Forward
1 - 26% - 30% - 12:11
2 - 31% - 30% - 14:29
3 - 27% - 25% - 12:50
4 - 16% - 15% - 7:43
Normal Defense
1 - 30% - 30% - 14:23
2 - 31% - 30% - 14:30
3 - 25% - 25% - 11:53
4 - 14% - 15% - 6:27
PP Forward
1 - 51% - 50% - 4:05
2 - 49% - 50% - 3:57
PP Defense
1 - 50% - 50% - 4:02
2 - 50% - 50% - 4:00
PK Forward
1 - 47% - 50% - 2:15
2 - 53% - 50% - 2:30
PK Defense
1 - 56% - 50% - 2:40
2 - 44% - 50% - 2:05
PK3 Forward
1 - 0% - 50%
2 - 0% - 50%
PK3 Defense
1 - 0% - 50%
2 - 0% - 50%
44 Forward
1 - 37% - 50% - 0:21
2 - 63% - 50% - 0:36
44 Defense
1 - 100% - 50% - 0:57
2 - 0% - 50% - 0:00
Last Minute Offensive - 0:00
Last Minute Defensive - 0:00
Total
Forward - 60:57
Defense - 60:57
|
% Time on Ice - Edmonton Oil Kings
Lines # - Real PCT - Wanted PCT - Time Play
Normal Forward
1 - 29% - 30% - 13:44
2 - 33% - 30% - 15:23
3 - 25% - 25% - 11:56
4 - 13% - 15% - 6:10
Normal Defense
1 - 33% - 35% - 15:47
2 - 36% - 35% - 16:46
3 - 29% - 30% - 13:30
4 - 2% - 0% - 1:10
PP Forward
1 - 47% - 50% - 2:13
2 - 53% - 50% - 2:32
PP Defense
1 - 53% - 50% - 2:31
2 - 47% - 50% - 2:14
PK Forward
1 - 49% - 50% - 3:55
2 - 51% - 50% - 4:07
PK Defense
1 - 50% - 50% - 4:01
2 - 50% - 50% - 4:01
PK3 Forward
1 - 0% - 50%
2 - 0% - 50%
PK3 Defense
1 - 0% - 50%
2 - 0% - 50%
44 Forward
1 - 35% - 50% - 0:20
2 - 65% - 50% - 0:37
44 Defense
1 - 100% - 50% - 0:57
2 - 0% - 50% - 0:00
Last Minute Offensive - 0:00
Last Minute Defensive - 0:00
Total
Forward - 60:57
Defense - 60:57
|
Play-by-Play
1st period
0:01 of 1st period - Isac Lundestrom wins face-off versus Connor McMichael in neutral zone.
0:18 of 1st period - Troy Stecher is hit by Noah Juulsen and loses puck.
0:35 of 1st period - Snap shot by Jakub Lauko.
0:35 of 1st period - Shot Misses the Net.
0:57 of 1st period - Snap shot by Dillon Dube.
0:57 of 1st period - Shot Blocked by Simon Edvinsson.
1:19 of 1st period - Wrist shot by Luke Hughes.
1:19 of 1st period - Stopped by Dustin Wolf without a rebound.
1:20 of 1st period - Ivan Miroshnichenko wins face-off versus Mackenzie Entwistle in Atlantic City Gamblers zone.
1:37 of 1st period - Michael Vukojevic is hit by Brett Kulak and loses puck.
2:16 of 1st period - Snap shot by Ethan Cardwell.
2:16 of 1st period - Shot Misses the Net.
2:38 of 1st period - Ivan Miroshnichenko is hit by Kale Clague and loses puck.
2:49 of 1st period - Josh Mahura is hit by Callan Foote.
3:15 of 1st period - Wrist shot by Ivan Miroshnichenko.
3:15 of 1st period - Stopped by Jonathan Quick with a rebound.
4:09 of 1st period - Wrist shot by Alexander Holtz.
4:09 of 1st period - Stopped by Jonathan Quick with a rebound.
4:52 of 1st period - Off-side.
4:53 of 1st period - Alexander Holtz wins face-off versus Joey Anderson in neutral zone.
4:58 of 1st period - Snap shot by Alexander Holtz.
4:58 of 1st period - Shot Misses the Net.
5:00 of 1st period - Wrist shot by Linus Karlsson.
5:00 of 1st period - Stopped by Jonathan Quick with a rebound.
5:28 of 1st period - Wrist shot by Kirill Marchenko.
5:28 of 1st period - Stopped by Dustin Wolf without a rebound.
5:29 of 1st period - Isac Lundestrom wins face-off versus Connor McMichael in Atlantic City Gamblers zone.
5:55 of 1st period - Dillon Dube is hit by Boris Katchouk and loses puck.
6:00 of 1st period - Slapshot by Alexander Holtz.
6:00 of 1st period - Shot Blocked by Kale Clague.
6:02 of 1st period - Slapshot by Nicolas Hague.
6:02 of 1st period - Shot Misses the Net.
7:19 of 1st period - Wrist shot by Isac Lundestrom.
7:19 of 1st period - Stopped by Jonathan Quick without a rebound.
7:20 of 1st period - Linus Karlsson wins face-off versus Mackenzie Entwistle in Edmonton Oil Kings zone.
8:28 of 1st period - Minor Penalty to Mackenzie Entwistle for Slashing.
8:29 of 1st period - Isac Lundestrom wins face-off versus Kirill Marchenko in Edmonton Oil Kings zone.
10:06 of 1st period - Icing by Nils Hoglander.
10:07 of 1st period - Connor McMichael wins face-off versus Isac Lundestrom in Atlantic City Gamblers zone.
10:28 of 1st period - Penalty to Mackenzie Entwistle is over, Mackenzie Entwistle is back on ice.
10:47 of 1st period - Wrist shot by Joey Anderson.
10:47 of 1st period - Shot Misses the Net.
11:19 of 1st period - Nils Hoglander is hit by Troy Stecher and loses puck.
12:02 of 1st period - Linus Karlsson is hit by Ethan Cardwell and loses puck.
12:56 of 1st period - Boris Katchouk is hit by Josh Mahura and loses puck.
13:09 of 1st period - Noah Juulsen is hit by Noah Gregor and loses puck.
13:57 of 1st period - Minor Penalty to Linus Karlsson for Hooking.
13:58 of 1st period - Dillon Dube wins face-off versus Nathan Bastian in Atlantic City Gamblers zone.
14:01 of 1st period - Slapshot by Filip Zadina.
14:01 of 1st period - Deflect By Noah Gregor.
14:01 of 1st period - Stopped by Dustin Wolf with a rebound.
14:03 of 1st period - Wrist shot by Filip Zadina.
14:03 of 1st period - Stopped by Dustin Wolf with a rebound.
14:05 of 1st period - Wrist shot by Filip Zadina.
14:05 of 1st period - Shot Blocked by Nicolas Hague.
14:07 of 1st period - Slapshot by Troy Stecher.
14:07 of 1st period - Shot Blocked by Boris Katchouk.
14:09 of 1st period - Slapshot by Noah Gregor.
14:09 of 1st period - Shot Blocked by Noah Juulsen.
14:11 of 1st period - Slapshot by Luke Hughes.
14:11 of 1st period - Shot Blocked by Nathan Bastian.
14:29 of 1st period - Snap shot by Connor McMichael.
14:29 of 1st period - Shot Blocked by Noah Juulsen.
14:31 of 1st period - Snap shot by Connor McMichael.
14:31 of 1st period - Deflect By Kirill Marchenko.
14:31 of 1st period - Goal by Kirill Marchenko - Atlantic City Gamblers : 0 - Edmonton Oil Kings : 1.
14:32 of 1st period - Samuel Helenius wins face-off versus Nathan Bastian in neutral zone.
14:41 of 1st period - Slapshot by Kirill Marchenko.
14:41 of 1st period - Shot Misses the Net.
14:43 of 1st period - Wrist shot by Kirill Marchenko.
14:43 of 1st period - Goal by Kirill Marchenko - Atlantic City Gamblers : 0 - Edmonton Oil Kings : 2.
14:44 of 1st period - Isac Lundestrom wins face-off versus Samuel Helenius in neutral zone.
14:47 of 1st period - Kirill Marchenko is hit by Nils Hoglander and loses puck.
14:56 of 1st period - Slapshot by Isac Lundestrom.
14:56 of 1st period - Stopped by Jonathan Quick without a rebound.
14:57 of 1st period - Isac Lundestrom wins face-off versus Dillon Dube in Edmonton Oil Kings zone.
15:00 of 1st period - Snap shot by Nils Hoglander.
15:00 of 1st period - Stopped by Jonathan Quick without a rebound.
15:01 of 1st period - Isac Lundestrom wins face-off versus Dillon Dube in Edmonton Oil Kings zone.
15:02 of 1st period - Wrist shot by Nils Hoglander.
15:02 of 1st period - Shot Misses the Net.
15:04 of 1st period - Wrist shot by Simon Edvinsson.
15:04 of 1st period - Deflect By Filip Zadina.
15:04 of 1st period - Stopped by Jonathan Quick with a rebound.
15:49 of 1st period - Brett Kulak is hit by Ben King and loses puck.
15:54 of 1st period - Backhand shot by Jakub Lauko.
15:54 of 1st period - Goal by Jakub Lauko - Atlantic City Gamblers : 1 - Edmonton Oil Kings : 2.
15:55 of 1st period - Samuel Helenius wins face-off versus Isac Lundestrom in neutral zone.
16:02 of 1st period - Snap shot by Ethan Cardwell.
16:02 of 1st period - Stopped by Dustin Wolf with a rebound.
16:20 of 1st period - Dillon Dube is hit by Boris Katchouk and loses puck.
16:25 of 1st period - Slapshot by Alexander Holtz.
16:25 of 1st period - Shot Misses the Net.
16:48 of 1st period - Minor Penalty to Troy Stecher for Hooking.
16:49 of 1st period - Connor McMichael wins face-off versus Linus Karlsson in Edmonton Oil Kings zone.
17:14 of 1st period - Noah Juulsen is hit by Noah Gregor and loses puck.
17:41 of 1st period - Wrist shot by Jack Quinn.
17:41 of 1st period - Stopped by Dustin Wolf with a rebound.
17:43 of 1st period - Backhand shot by Jack Quinn.
17:43 of 1st period - Shot Misses the Net.
17:45 of 1st period - Slapshot by Jack Quinn.
17:45 of 1st period - Stopped by Dustin Wolf with a rebound.
17:47 of 1st period - Backhand shot by Kirill Marchenko.
17:47 of 1st period - Stopped by Dustin Wolf with a rebound.
17:49 of 1st period - Slapshot by Ryker Evans.
17:49 of 1st period - Stopped by Dustin Wolf without a rebound.
17:50 of 1st period - Isac Lundestrom wins face-off versus Kirill Marchenko in Atlantic City Gamblers zone.
17:57 of 1st period - Snap shot by Isac Lundestrom.
17:57 of 1st period - Shot Misses the Net.
18:48 of 1st period - Penalty to Troy Stecher is over, Troy Stecher is back on ice.
18:55 of 1st period - Joey Anderson is hit by Nils Hoglander and loses puck.
19:08 of 1st period - Wrist shot by Ivan Miroshnichenko.
19:08 of 1st period - Shot Blocked by Mackenzie Entwistle.
19:33 of 1st period - Icing by Dillon Dube.
19:34 of 1st period - Nils Hoglander wins face-off versus Dillon Dube in Edmonton Oil Kings zone.
19:35 of 1st period - Snap shot by Isac Lundestrom.
19:35 of 1st period - Goal by Isac Lundestrom - Atlantic City Gamblers : 2 - Edmonton Oil Kings : 2.
19:36 of 1st period - Isac Lundestrom wins face-off versus Connor McMichael in neutral zone.
19:39 of 1st period - Snap shot by Nathan Bastian.
19:39 of 1st period - Stopped by Jonathan Quick with a rebound.
19:45 of 1st period - Snap shot by Nils Hoglander.
19:45 of 1st period - Shot Misses the Net.
19:47 of 1st period - Slapshot by Nathan Bastian.
19:47 of 1st period - Shot Misses the Net.
Goals for this period are 2 for Atlantic City Gamblers vs 2 for Edmonton Oil Kings.
Shots for this period are 10 for Atlantic City Gamblers vs 11 for Edmonton Oil Kings.
2nd period
0:01 of 2nd period - Linus Karlsson wins face-off versus Dillon Dube in neutral zone.
0:30 of 2nd period - Slapshot by Filip Zadina.
0:30 of 2nd period - Shot Misses the Net.
0:32 of 2nd period - Slapshot by Luke Hughes.
0:32 of 2nd period - Shot Misses the Net.
0:34 of 2nd period - Snap shot by Kirill Marchenko.
0:34 of 2nd period - Shot Blocked by Nathan Bastian.
0:38 of 2nd period - Wrist shot by Connor McMichael.
0:38 of 2nd period - Shot Misses the Net.
0:40 of 2nd period - Slapshot by Jack Quinn.
0:40 of 2nd period - Shot Hit the Post.
0:58 of 2nd period - Snap shot by Mackenzie Entwistle.
0:58 of 2nd period - Shot Blocked by Nils Hoglander.
1:00 of 2nd period - Wrist shot by Ethan Cardwell.
1:00 of 2nd period - Deflect By Joey Anderson.
1:00 of 2nd period - Shot Misses the Net.
1:00 of 2nd period - Puck is out of play.
1:01 of 2nd period - Connor McMichael wins face-off versus Linus Karlsson in Atlantic City Gamblers zone.
1:02 of 2nd period - Slapshot by Kirill Marchenko.
1:02 of 2nd period - Shot Blocked by Alexander Holtz.
1:14 of 2nd period - Snap shot by Kirill Marchenko.
1:14 of 2nd period - Stopped by Dustin Wolf with a rebound.
3:24 of 2nd period - Nicolas Hague is hit by Noah Gregor and loses puck.
4:06 of 2nd period - Snap shot by Mackenzie Entwistle.
4:06 of 2nd period - Shot Blocked by Ivan Miroshnichenko.
4:35 of 2nd period - Ronnie Attard is hit by Mackenzie Entwistle and loses puck.
6:28 of 2nd period - Ronnie Attard is hit by Dillon Dube and loses puck.
6:47 of 2nd period - Troy Stecher is hit by Ben King and loses puck.
9:07 of 2nd period - Noah Gregor is hit by Michael Vukojevic and loses puck.
9:21 of 2nd period - Icing by Yegor Sokolov.
9:22 of 2nd period - Linus Karlsson wins face-off versus Connor McMichael in Atlantic City Gamblers zone.
9:44 of 2nd period - Ethan Cardwell is hit by Boris Katchouk and loses puck.
11:06 of 2nd period - Troy Stecher is hit by Ben King and loses puck.
11:38 of 2nd period - Icing by Filip Johansson.
11:39 of 2nd period - Mackenzie Entwistle wins face-off versus Ben King in Atlantic City Gamblers zone.
11:44 of 2nd period - Snap shot by Joey Anderson.
11:44 of 2nd period - Stopped by Dustin Wolf with a rebound.
11:54 of 2nd period - Slapshot by Isac Lundestrom.
11:54 of 2nd period - Stopped by Jonathan Quick with a rebound.
11:56 of 2nd period - Slapshot by Michael Vukojevic.
11:56 of 2nd period - Deflect By Isac Lundestrom.
11:56 of 2nd period - Shot Misses the Net.
11:56 of 2nd period - Puck is out of play.
11:57 of 2nd period - Linus Karlsson wins face-off versus Connor McMichael in Edmonton Oil Kings zone.
12:06 of 2nd period - Slapshot by Alexander Holtz.
12:06 of 2nd period - Deflect By Linus Karlsson.
12:06 of 2nd period - Shot Misses the Net.
12:06 of 2nd period - Puck is out of play.
12:07 of 2nd period - Linus Karlsson wins face-off versus Dillon Dube in Edmonton Oil Kings zone.
12:08 of 2nd period - Snap shot by Alexander Holtz.
12:08 of 2nd period - Stopped by Jonathan Quick without a rebound.
12:09 of 2nd period - Linus Karlsson wins face-off versus Dillon Dube in Edmonton Oil Kings zone.
12:12 of 2nd period - Snap shot by Linus Karlsson.
12:12 of 2nd period - Shot Misses the Net.
12:14 of 2nd period - Slapshot by Noah Juulsen.
12:14 of 2nd period - Shot Misses the Net.
12:16 of 2nd period - Slapshot by Nicolas Hague.
12:16 of 2nd period - Stopped by Jonathan Quick without a rebound.
12:17 of 2nd period - Linus Karlsson wins face-off versus Dillon Dube in Edmonton Oil Kings zone.
13:25 of 2nd period - Snap shot by Boris Katchouk.
13:25 of 2nd period - Shot Misses the Net.
13:27 of 2nd period - Snap shot by Linus Karlsson.
13:27 of 2nd period - Stopped by Jonathan Quick with a rebound.
13:29 of 2nd period - Snap shot by Linus Karlsson.
13:29 of 2nd period - Stopped by Jonathan Quick without a rebound.
13:30 of 2nd period - Nathan Bastian wins face-off versus Dillon Dube in Edmonton Oil Kings zone.
13:35 of 2nd period - Snap shot by Nils Hoglander.
13:35 of 2nd period - Stopped by Jonathan Quick with a rebound.
13:37 of 2nd period - Slapshot by Ronnie Attard.
13:37 of 2nd period - Shot Misses the Net.
13:55 of 2nd period - Linus Karlsson is hit by Connor McMichael and loses puck.
14:00 of 2nd period - Slapshot by Jack Quinn.
14:00 of 2nd period - Shot Blocked by Simon Edvinsson.
14:02 of 2nd period - Wrist shot by Connor McMichael.
14:02 of 2nd period - Stopped by Dustin Wolf with a rebound.
14:16 of 2nd period - Snap shot by Ivan Miroshnichenko.
14:16 of 2nd period - Stopped by Jonathan Quick with a rebound.
14:18 of 2nd period - Slapshot by Simon Edvinsson.
14:18 of 2nd period - Stopped by Jonathan Quick with a rebound.
14:20 of 2nd period - Slapshot by Ronnie Attard.
14:20 of 2nd period - Stopped by Jonathan Quick without a rebound.
14:21 of 2nd period - Isac Lundestrom wins face-off versus Dillon Dube in Edmonton Oil Kings zone.
14:24 of 2nd period - Slapshot by Nils Hoglander.
14:24 of 2nd period - Stopped by Jonathan Quick with a rebound.
14:31 of 2nd period - Icing by Dillon Dube.
14:32 of 2nd period - Dillon Dube wins face-off versus Isac Lundestrom in Edmonton Oil Kings zone.
14:42 of 2nd period - Minor Penalty to Nathan Bastian for Slashing.
14:43 of 2nd period - Kirill Marchenko wins face-off versus Nils Hoglander in Atlantic City Gamblers zone.
14:57 of 2nd period - Snap shot by Ben King.
14:57 of 2nd period - Shot Misses the Net.
15:59 of 2nd period - Connor McMichael is hit by Ronnie Attard and loses puck.
16:40 of 2nd period - Connor McMichael is hit by Ivan Miroshnichenko and loses puck.
16:42 of 2nd period - Penalty to Nathan Bastian is over, Nathan Bastian is back on ice.
16:51 of 2nd period - Snap shot by Ivan Miroshnichenko.
16:51 of 2nd period - Shot Misses the Net.
17:35 of 2nd period - Wrist shot by Alexander Holtz.
17:35 of 2nd period - Stopped by Jonathan Quick with a rebound.
18:07 of 2nd period - Linus Karlsson is hit by Luke Hughes.
Goals for this period are 0 for Atlantic City Gamblers vs 0 for Edmonton Oil Kings.
Shots for this period are 11 for Atlantic City Gamblers vs 3 for Edmonton Oil Kings.
3rd period
0:01 of 3rd period - Isac Lundestrom wins face-off versus Connor McMichael in neutral zone.
0:26 of 3rd period - Dillon Dube is hit by Ben King and loses puck.
1:05 of 3rd period - Kale Clague is hit by Alexander Holtz and loses puck.
1:16 of 3rd period - Nicolas Hague is hit by Jack Quinn and loses puck.
1:47 of 3rd period - Minor Penalty to Troy Stecher for Cross-checking.
1:48 of 3rd period - Isac Lundestrom wins face-off versus Kirill Marchenko in Edmonton Oil Kings zone.
2:23 of 3rd period - Slapshot by Boris Katchouk.
2:23 of 3rd period - Shot Misses the Net.
3:47 of 3rd period - Penalty to Troy Stecher is over, Troy Stecher is back on ice.
3:53 of 3rd period - Snap shot by Connor McMichael.
3:53 of 3rd period - Stopped by Dustin Wolf without a rebound.
3:54 of 3rd period - Jakub Lauko wins face-off versus Joey Anderson in Atlantic City Gamblers zone.
4:05 of 3rd period - Wrist shot by Jakub Lauko.
4:05 of 3rd period - Stopped by Jonathan Quick without a rebound.
4:06 of 3rd period - Jakub Lauko wins face-off versus Samuel Helenius in Edmonton Oil Kings zone.
4:17 of 3rd period - Slapshot by Simon Edvinsson.
4:17 of 3rd period - Shot Misses the Net.
4:19 of 3rd period - Slapshot by Simon Edvinsson.
4:19 of 3rd period - Stopped by Jonathan Quick without a rebound.
4:20 of 3rd period - Isac Lundestrom wins face-off versus Connor McMichael in Edmonton Oil Kings zone.
4:23 of 3rd period - Snap shot by Nils Hoglander.
4:23 of 3rd period - Stopped by Jonathan Quick without a rebound.
4:24 of 3rd period - Isac Lundestrom wins face-off versus Connor McMichael in Edmonton Oil Kings zone.
4:27 of 3rd period - Slapshot by Nils Hoglander.
4:27 of 3rd period - Shot Blocked by Connor McMichael.
4:38 of 3rd period - Wrist shot by Isac Lundestrom.
4:38 of 3rd period - Shot Misses the Net.
4:40 of 3rd period - Minor Penalty to Kale Clague for Cross-checking.
4:41 of 3rd period - Isac Lundestrom wins face-off versus Connor McMichael in Edmonton Oil Kings zone.
5:30 of 3rd period - Wrist shot by Jack Quinn.
5:30 of 3rd period - Goal by Jack Quinn - Atlantic City Gamblers : 2 - Edmonton Oil Kings : 3.
5:31 of 3rd period - Linus Karlsson wins face-off versus Kirill Marchenko in neutral zone.
5:34 of 3rd period - Luke Hughes is hit by Simon Edvinsson and loses puck.
5:57 of 3rd period - Nils Hoglander is hit by Kirill Marchenko and loses puck.
6:40 of 3rd period - Penalty to Kale Clague is over, Kale Clague is back on ice.
6:48 of 3rd period - Snap shot by Jakub Lauko.
6:48 of 3rd period - Stopped by Jonathan Quick with a rebound.
6:52 of 3rd period - Wrist shot by Ivan Miroshnichenko.
6:52 of 3rd period - Stopped by Jonathan Quick without a rebound.
6:53 of 3rd period - Ethan Cardwell wins face-off versus Jakub Lauko in Edmonton Oil Kings zone.
7:04 of 3rd period - Slapshot by Kirill Marchenko.
7:04 of 3rd period - Shot Misses the Net.
7:23 of 3rd period - Josh Mahura is hit by Ronnie Attard and loses puck.
8:24 of 3rd period - Wrist shot by Jack Quinn.
8:24 of 3rd period - Stopped by Dustin Wolf with a rebound.
8:49 of 3rd period - Nathan Bastian is hit by Ryker Evans and loses puck.
9:19 of 3rd period - Icing by Kirill Marchenko.
9:20 of 3rd period - Samuel Helenius wins face-off versus Nils Hoglander in Edmonton Oil Kings zone.
9:20 of 3rd period - Samuel Helenius is hit by Yegor Sokolov.
10:01 of 3rd period - Minor Penalty to Yegor Sokolov for Tripping.
10:02 of 3rd period - Dillon Dube wins face-off versus Nathan Bastian in Atlantic City Gamblers zone.
10:05 of 3rd period - Snap shot by Filip Zadina.
10:05 of 3rd period - Stopped by Dustin Wolf without a rebound.
10:06 of 3rd period - Nathan Bastian wins face-off versus Noah Gregor in Atlantic City Gamblers zone.
10:17 of 3rd period - Simon Edvinsson is hit by Troy Stecher and loses puck.
10:22 of 3rd period - Snap shot by Noah Gregor.
10:22 of 3rd period - Stopped by Dustin Wolf without a rebound.
10:23 of 3rd period - Jack Quinn wins face-off versus Nils Hoglander in Atlantic City Gamblers zone.
12:01 of 3rd period - Penalty to Yegor Sokolov is over, Yegor Sokolov is back on ice.
13:18 of 3rd period - Minor Penalty to Troy Stecher for Tripping.
13:19 of 3rd period - Nils Hoglander wins face-off versus Kirill Marchenko in Edmonton Oil Kings zone.
13:20 of 3rd period - Slapshot by Nathan Bastian.
13:20 of 3rd period - Shot Misses the Net.
13:22 of 3rd period - Snap shot by Ronnie Attard.
13:22 of 3rd period - Stopped by Jonathan Quick without a rebound.
13:23 of 3rd period - Isac Lundestrom wins face-off versus Kirill Marchenko in Edmonton Oil Kings zone.
13:24 of 3rd period - Wrist shot by Nils Hoglander.
13:24 of 3rd period - Goal by Nils Hoglander - Atlantic City Gamblers : 3 - Edmonton Oil Kings : 3.
13:25 of 3rd period - Isac Lundestrom wins face-off versus Connor McMichael in neutral zone.
13:28 of 3rd period - Brett Kulak is hit by Nils Hoglander and loses puck.
13:37 of 3rd period - Connor McMichael is hit by Ronnie Attard and loses puck.
14:10 of 3rd period - Icing by Joey Anderson.
14:11 of 3rd period - Jakub Lauko wins face-off versus Mackenzie Entwistle in Edmonton Oil Kings zone.
15:34 of 3rd period - Wrist shot by Kirill Marchenko.
15:34 of 3rd period - Stopped by Dustin Wolf with a rebound.
15:36 of 3rd period - Slapshot by Luke Hughes.
15:36 of 3rd period - Stopped by Dustin Wolf with a rebound.
15:38 of 3rd period - Slapshot by Luke Hughes.
15:38 of 3rd period - Deflect By Connor McMichael.
15:38 of 3rd period - Shot Misses the Net.
15:38 of 3rd period - Puck is out of play.
15:39 of 3rd period - Mackenzie Entwistle wins face-off versus Jakub Lauko in Atlantic City Gamblers zone.
15:44 of 3rd period - Snap shot by Mackenzie Entwistle.
15:44 of 3rd period - Deflect By Joey Anderson.
15:44 of 3rd period - Shot Misses the Net.
15:44 of 3rd period - Puck is out of play.
15:45 of 3rd period - Mackenzie Entwistle wins face-off versus Jakub Lauko in Atlantic City Gamblers zone.
16:36 of 3rd period - Snap shot by Linus Karlsson.
16:36 of 3rd period - Goal by Linus Karlsson - Atlantic City Gamblers : 4 - Edmonton Oil Kings : 3.
16:37 of 3rd period - Samuel Helenius wins face-off versus Jakub Lauko in neutral zone.
18:10 of 3rd period - Minor Penalty to Jakub Lauko for Tripping.
18:11 of 3rd period - Connor McMichael wins face-off versus Nils Hoglander in Atlantic City Gamblers zone.
18:15 of 3rd period - Snap shot by Jack Quinn.
18:15 of 3rd period - Stopped by Dustin Wolf with a rebound.
18:19 of 3rd period - Snap shot by Kirill Marchenko.
18:19 of 3rd period - Stopped by Dustin Wolf with a rebound.
18:21 of 3rd period - Slapshot by Troy Stecher.
18:21 of 3rd period - Shot Blocked by Isac Lundestrom.
18:23 of 3rd period - Wrist shot by Jack Quinn.
18:23 of 3rd period - Goal by Jack Quinn - Atlantic City Gamblers : 4 - Edmonton Oil Kings : 4.
18:24 of 3rd period - Samuel Helenius wins face-off versus Jakub Lauko in neutral zone.
18:49 of 3rd period - Troy Stecher is hit by Yegor Sokolov and loses puck.
19:42 of 3rd period - Slapshot by Ethan Cardwell.
19:42 of 3rd period - Deflect By Kirill Marchenko.
19:42 of 3rd period - Stopped by Dustin Wolf with a rebound.
19:44 of 3rd period - Backhand shot by Kirill Marchenko.
19:44 of 3rd period - Stopped by Dustin Wolf with a rebound.
19:46 of 3rd period - Slapshot by Kirill Marchenko.
19:46 of 3rd period - Stopped by Dustin Wolf with a rebound.
19:48 of 3rd period - Slapshot by Samuel Helenius.
19:48 of 3rd period - Stopped by Dustin Wolf with a rebound.
19:50 of 3rd period - Snap shot by Kirill Marchenko.
19:50 of 3rd period - Deflect By Samuel Helenius.
19:50 of 3rd period - Shot Blocked by Ivan Miroshnichenko.
19:50 of 3rd period - Puck is out of play.
19:51 of 3rd period - Dillon Dube wins face-off versus Isac Lundestrom in Atlantic City Gamblers zone.
19:52 of 3rd period - Snap shot by Filip Zadina.
19:52 of 3rd period - Stopped by Dustin Wolf with a rebound.
Goals for this period are 2 for Atlantic City Gamblers vs 2 for Edmonton Oil Kings.
Shots for this period are 8 for Atlantic City Gamblers vs 15 for Edmonton Oil Kings.
Overtime #1
0:01 of 1st overtime period - Nils Hoglander wins face-off versus Kirill Marchenko in neutral zone.
0:06 of 1st overtime period - Wrist shot by Jack Quinn.
0:06 of 1st overtime period - Shot Blocked by Nicolas Hague.
0:57 of 1st overtime period - Snap shot by Nathan Bastian.
0:57 of 1st overtime period - Goal by Nathan Bastian - Atlantic City Gamblers : 5 - Edmonton Oil Kings : 4.
Goals for this period are 1 for Atlantic City Gamblers vs 0 for Edmonton Oil Kings.
Shots for this period are 1 for Atlantic City Gamblers vs 0 for Edmonton Oil Kings.
Back to the Top